 Dungeon Crawl Stone Soup version 0.31-a0-165-g3f4f80340b (webtiles) character file.

Game seed: 15994970527138143991

89 qw the Chopper (level 4, -1/28 HPs)
             Began as a Gargoyle Fighter on June 13, 2023.
             Slain by Sigmund
             ... wielding a +0 scythe
              (7 damage)
             ... on level 3 of the Dungeon.
             The game lasted 00:00:55 (1614 turns).

qw the Chopper (Gargoyle Fighter)                   Turns: 1614, Time: 00:00:56

Health: -1/28      AC:  0    Str: 22    XL:     4   Next: 55%
Magic:  4/4        EV: 13    Int:  8    God:
Gold:   128        SH:  0    Dex: 11    Spells: 3/3 levels left

rFire   . . .        Y - melded +0 war axe
rCold   . . .        c - melded +0 buckler
rNeg    + . .        i - melded +0 chain mail
rPois   inf          (helmet currently unavailable)
rElec   .            j - melded +0 cloak
rCorr   .            (gloves currently unavailable)
SInv    .            m - melded +0 pair of boots
Will    .....        (no amulet)
Stlth   ++           (ring currently unavailable)
HPRegen 0.24/turn    (ring currently unavailable)
MPRegen 0.09/turn

%: no passive effects
@: about to teleport, pig-form, very quick
A: fast, no casting, sickness immunity, AC +3, small, negative energy resistance
1, (electricity resistance), torment resistance 1, petrification resistance,
thin skeletal structure 1, evolution 1
a: no special abilities


You were on level 3 of the Dungeon.
You were a filthy swine.
You visited 1 branch of the dungeon, and saw 3 of its levels.

You collected 128 gold pieces.


Innate Abilities, Weirdness & Mutations

You are a filthy swine.
You move quickly.
Your equipment is almost entirely melded.
You are incapable of wielding weapons or throwing items.
You cannot cast spells.
You are immune to sickness and miasma.
((Your stone body is resilient. (AC +3)))
You are immune to poison.
You resist negative energy. (rN+)
((You are resistant to electric shocks. (rElec)))
You are resistant to unholy torment.
You are immune to petrification.
You have a somewhat thin skeletal structure. (Dex +2, Stealth+)
You have hidden genetic potential.


   Skills:
 - Level 3.2 Fighting
 + Level 4.0 Axes
 - Level 1.0 Throwing
 - Level 3.2 Armour
 - Level 3.2 Shields


You had 3 spell levels left.
You didn't know any spells.
Your spell library was empty.

Inventory:

Hand Weapons
 n - a +0 mace
 Y - a +0 war axe (melded)
Armour
 c - a +0 buckler (melded)
 f - a +0 helmet
 i - a +0 chain mail (melded)
 j - a +0 cloak (melded)
 m - a +0 pair of boots (melded)
Potions
 a - a potion of enlightenment {unknown}
 d - a potion of might
 g - a potion of brilliance {unknown}
 h - a potion of cancellation {unknown}
 l - a potion of lignification {unknown}
 o - a potion of mutation

Dungeon Overview and Level Annotations

Branches:
Dungeon (3/15)

Altars:

Annotations:
D:3 Sigmund


Message History

A giant cockroach comes into view.
Sigmund barely misses you.
You see here a +1 dagger of electrocution.
You slash Sigmund!
Sigmund is moderately wounded.
Sigmund mumbles some strange words.
Sigmund flickers and vanishes!
Deactivating autopickup; reactivate with Ctrl-A.
You hear a zap.
You turn into a filthy swine.
Your +0 war axe melds into your body.
Your +0 cloak melds into your body.
Your +0 pair of boots melds into your body.
Your +0 buckler melds into your body.
Your +0 chain mail melds into your body.
Found 10 gold pieces.
Enter note:
Enter note: You hit the giant cockroach but do no damage.
You hear some strange, mumbled words.
A puff of flame appears from out of thin air!
The puff of flame hits you! The giant cockroach bites you.
You closely miss the giant cockroach. Something hits you.
The giant cockroach bites you.
You hit the giant cockroach.
The giant cockroach is severely wounded.
The giant cockroach closely misses you. Something hits you.
You closely miss the giant cockroach.
The giant cockroach is severely wounded.
The giant cockroach barely misses you.
You closely miss the giant cockroach.
The giant cockroach is severely wounded.
The giant cockroach bites you.
You hear some strange, mumbled words.
A puff of flame appears from out of thin air!
The puff of flame misses you.
1614 ||| READING scroll of teleportation.
As you read the scroll of teleportation, it crumbles to dust.
You feel strangely unstable. The giant cockroach barely misses you.
Something hits you!
You die...

#########.# ..
....).....# ...
#####.###.# ...# #.#.#.#
#..(. #.....# ......
###.....## #.....$
#........######B...#
#...........##h....#.
###...........).{.......
...............#.>...##.
######...####:.....(....
##.## #.####.##### ###
#.# .# #.# .# #.# .# #.#


You could see a giant cockroach.

Vanquished Creatures
  4 adders (D:2)
  3 dart slugs
  3 endoplasms
  4 giant cockroaches
  7 goblins
  4 hobgoblins
  2 quokkas
  6 ball pythons
  5 bats
  3 frilled lizards
  2 kobolds
  5 rats
48 creatures vanquished.

Notes
Turn   | Place    | Note
-------+----------+-------------------------------------------
     0 | D:1      | qw the Gargoyle Fighter began the quest for the Orb.
     0 | D:1      | Reached XP level 1. HP: 14/14 MP: 1/1
     0 | D:1      | 0 ||| qw: Version: 0.2-a-29-gc1b59c4
     0 | D:1      | 0 ||| qw: Game counter: 4696
     0 | D:1      | 0 ||| qw: Always use a shield: true
     0 | D:1      | 0 ||| qw: God list: Okawaru
     0 | D:1      | 0 ||| qw: Allow faded altars: false
     0 | D:1      | 0 ||| qw: Do Orc after D:15 true
     0 | D:1      | 0 ||| qw: Do second Lair branch before Depths: true
     0 | D:1      | 0 ||| qw: Lair rune preference: random
     0 | D:1      | 0 ||| qw: Plans: Normal, Zot:1-4, Slime:5, God:TSO, Crypt,
                  | Tomb, Abyss, Pan, Hells, Win
     0 | D:1      | 0 ||| PLANNING D:1-11
    27 | D:1      | 27 ||| Stepping ~*~*~tactically~*~*~ (hiding).
    30 | D:1      | 30 ||| Stepping ~*~*~tactically~*~*~ (hiding).
    38 | D:1      | Reached skill level 2 in Axes
   204 | D:1      | Reached XP level 2. HP: 18/19 MP: 2/2
   285 | D:1      | 285 ||| Stepping ~*~*~tactically~*~*~ (stealth).
   307 | D:1      | 307 ||| Stepping ~*~*~tactically~*~*~ (stealth).
   323 | D:1      | Reached skill level 3 in Axes
   349 | D:1      | Reached XP level 3. HP: 22/23 MP: 3/3
   750 | D:1      | 750 ||| UPGRADING to +0 cloak.
   755 | D:1      | 755 ||| READING scroll labelled VUNIKO HUWET.
   756 | D:1      | 756 ||| READING scroll labelled FAIDATH LUALIE.
   757 | D:1      | 757 ||| READING scroll labelled XONEPH EWOUZ.
   758 | D:1      | 758 ||| READING scroll labelled EDWIONN IMYASCH.
   882 | D:2      | 882 ||| Stepping ~*~*~tactically~*~*~ (hiding).
   885 | D:2      | Reached skill level 1 in Throwing
   904 | D:2      | 904 ||| FLEEEEING.
   905 | D:2      | 905 ||| FLEEEEING.
   906 | D:2      | 906 ||| FLEEEEING.
   907 | D:2      | 907 ||| FLEEEEING.
   908 | D:2      | 908 ||| FLEEEEING.
   909 | D:2      | 909 ||| FLEEEEING.
   910 | D:2      | 910 ||| FLEEEEING.
   911 | D:2      | 911 ||| FLEEEEING.
   912 | D:2      | 912 ||| FLEEEEING.
   913 | D:2      | 913 ||| FLEEEEING.
  1010 | D:2      | Reached XP level 4. HP: 28/28 MP: 4/4
  1017 | D:2      | 1017 ||| Stepping ~*~*~tactically~*~*~ (stealth).
  1043 | D:2      | 1043 ||| Stepping ~*~*~tactically~*~*~ (stealth).
  1045 | D:2      | 1045 ||| Stepping ~*~*~tactically~*~*~ (stealth).
  1162 | D:2      | 1162 ||| DROPPING +0 club.
  1381 | D:2      | 1381 ||| UPGRADING to +0 chain mail.
  1391 | D:2      | 1391 ||| DROPPING +0 scale mail.
  1392 | D:2      | 1392 ||| UPGRADING to +0 pair of boots.
  1397 | D:2      | 1397 ||| READING scroll labelled LEBOZX HITWIALL.
  1398 | D:2      | 1398 ||| READING 2 scrolls labelled LAFITW ROORPH.
  1399 | D:2      | 1399 ||| READING scroll labelled IKLIH SUEDD.
  1404 | D:2      | 1404 ||| READING scroll labelled TUEGOU XUREVA.
  1405 | D:2      | 1405 ||| DRINKING 2 metallic emerald potions.
  1405 | D:2      | Gained mutation: You have hidden genetic potential. [potion
                  | of mutation]
  1405 | D:2      | Gained mutation: You have a somewhat thin skeletal
                  | structure. (Dex +2, Stealth+) [potion of mutation]
  1406 | D:2      | 1406 ||| DROPPING scroll of amnesia.
  1497 | D:3      | Reached skill level 4 in Axes
  1597 | D:3      | Noticed Sigmund
  1598 | D:3      | 1598 ||| Stepping ~*~*~tactically~*~*~ (stealth).
  1599 | D:3      | 1599 ||| Stepping ~*~*~tactically~*~*~ (stealth).
  1601 | D:3      | 1601 ||| Stepping ~*~*~tactically~*~*~ (hiding).
  1613 | D:3      | HP: 6/28 [giant cockroach (2)]
  1614 | D:3      | 1614 ||| READING scroll of teleportation.
  1614 | D:3      | Slain by Sigmund

Levels and vault maps discovered:
D:1:      minmay_arrival_doors, layout_basic
D:2:      layout_basic
D:3:      layout_loops_ring, nicolae_titane, uniq_sigmund

Skill      XL: |  1  2  3  4 |
---------------+-------------+-----
Axes           | 2 3 4 |  4.0
Throwing       | 1 |  1.0
Fighting       | |  3.2
Armour         | |  3.2
Shields        | |  3.2

Action                     |  1- 3 |  4- 6 || total
---------------------------+-------+-------++-------
  Melee: War axe           |    87 |    21 ||   108
         Unarmed           |       |     5 ||     5
  Throw: Javelin           |     9 |    14 ||    23
    Use: Scroll            |     4 |     5 ||     9
         Potion            |       |     1 ||     1
 Armour: Scale mail        |    47 |     1 ||    48
         Chain mail        |       |     2 ||     2
  Dodge: Dodged            |    46 |    15 ||    61
  Block: Buckler           |    23 |     2 ||    25

Table legend:
 A = Non-vault XP
 B = Vault XP
 C = Vault XP percentage of total XP
 D = Non-vault monster count
 E = Vault monster count
 F = Vault count percentage of total count
                 A         B        C        D         E       F
            +---------+---------+-------+---------+---------+-------
      Total |     128 |       0 |   0.0 |      48 |       0 |   0.0
            +---------+---------+-------+---------+---------+-------
        D:1 |      39 |       0 |   0.0 |      23 |       0 |   0.0
        D:2 |      78 |       0 |   0.0 |      19 |       0 |   0.0
        D:3 |      11 |       0 |   0.0 |       6 |       0 |   0.0
            +---------+---------+-------+---------+---------+-------
